 Dungeon Crawl Stone Soup version 0.28.0-43-g3370ac3207 (webtiles) character file.

Game seed: 7321858665683630224

352 DrunkBamboolord the Caller (level 6, -2/66 HPs)
             Began as a Gnoll Summoner on Mar 14, 2022.
             Slain by a scorpion (6 damage)
             ... on level 4 of the Dungeon on Mar 15, 2022.
             The game lasted 00:10:44 (3173 turns).

DrunkBamboolord the Caller (Gnoll Summoner)         Turns: 3173, Time: 00:10:44

Health: -2/66      AC:  6    Str:  5 (7)  XL:     6   Next: 62%
Magic:  2/14       EV: 13    Int: 15 (16) God:
Gold:   115        SH:  0    Dex: 11 (13) Spells: 2/15 levels left

rFire   . . .      SeeInvis .   f - +3 whip (pain)
rCold   . . .      Faith    .   (no shield)
rNeg    . . .      Spirit   .   a - +1 robe
rPois   .          Reflect  .   (no helmet)
rElec   .          Harm     .   (no cloak)
rCorr   .          Rampage  .   m - +2 pair of gloves
Will    .....                   (no boots)
Stlth   ..........              (no amulet)
HPRegen 0.21/turn               (no ring)
MPRegen 0.14/turn               (no ring)

@: berserking, lethally poisoned (-2 -> -7), silenced, invisible, very quick
A: fangs 1, strong nose, distributed training
a: no special abilities


You were on level 4 of the Dungeon.
You visited 1 branch of the dungeon, and saw 4 of its levels.

You collected 115 gold pieces.

Inventory:

Hand Weapons
 f - a +3 whip of pain (weapon)
Armour
 a - a +1 robe (worn)
 m - a +2 pair of gloves (worn)
Scrolls
 e - a scroll of enchant armour
Potions
 j - a potion of flight
 k - a potion of brilliance {unknown}


   Skills:
 + Level 2.0 Fighting
 + Level 2.0 Short Blades
 + Level 2.0 Long Blades
 + Level 2.0 Axes
 + Level 2.0 Maces & Flails
 + Level 2.0 Polearms
 + Level 2.0 Staves
 + Level 2.0 Slings
 + Level 2.0 Bows
 + Level 2.0 Crossbows
 + Level 2.0 Throwing
 + Level 2.0 Armour
 + Level 5.0 Dodging
 + Level 4.6 Stealth
 + Level 2.0 Shields
 + Level 2.0 Unarmed Combat
 + Level 5.4 Spellcasting
 + Level 1.6 Conjurations
 + Level 1.6 Hexes
 + Level 7.3 Summonings
 + Level 1.6 Necromancy
 + Level 1.6 Translocations
 + Level 1.6 Transmutations
 + Level 1.6 Fire Magic
 + Level 1.6 Ice Magic
 + Level 1.6 Air Magic
 + Level 1.6 Earth Magic
 + Level 1.6 Poison Magic
 + Level 2.2 Invocations
 + Level 2.0 Evocations


You had 2 spell levels left.
You knew the following spells:

 Your Spells              Type           Power      Damage    Failure   Level
a - Summon Small Mammal   Summ           100%       N/A       1%          1
b - Call Imp              Summ           26%        N/A       1%          2
c - Call Canine Familiar  Summ           26%        N/A       2%          3
d - Summon Guardian Gole  Hex/Summ       17%        N/A       8%          3
e - Summon Lightning Spi  Summ/Air       17%        N/A       24%         4

Your spell library contained the following spells:

 Spells                   Type           Power      Damage    Failure   Level


Dungeon Overview and Level Annotations

Branches:
Dungeon (4/15)
 Temple: D:4-7

Altars:
Beogh


Innate Abilities, Weirdness & Mutations

You have very sharp teeth.
Your uncanny sense of smell can sniff out nearby items.
Your experience applies equally to all skills.


Message History

You are lethally poisoned!
The scorpion poisons you! The adder skeleton misses your hound.
You hear some strange, mumbled words.
A magic dart appears from out of thin air!
The magic dart hits you.
* * * LOW HITPOINT WARNING * * *
Your hound barely misses the scorpion.
You feel better. The scorpion stings your hound!
Your hound dies!
Your hound's corpse disappears in a puff of smoke!
The scorpion stings you.
* * * LOW HITPOINT WARNING * * *
Something barely misses you.
The scorpion stings you but does no damage.
As you read the scroll labelled WUDUIZ YSUCU, it crumbles to dust.
A profound silence engulfs you.
It was a scroll of silence.
Something barely misses you. The scorpion stings you.
* * * LOW HITPOINT WARNING * * *
You are lethally poisoned!
The scorpion poisons you!
Unknown command.
It was a potion of degeneration.
There was something very wrong with that liquid.
You feel weakened.
You feel dopey.
You feel clumsy.
* * * LOW HITPOINT WARNING * * *
You feel very sick.
The adder skeleton bites you but does no damage.
The scorpion stings you but does no damage.
Something hits you but does no damage.
It was a potion of invisibility.
You fade into invisibility!
* * * LOW HITPOINT WARNING * * *
You feel sick. The adder skeleton closely misses you.
The scorpion barely misses you. Something hits you but does no damage.
It was a potion of berserk rage.
A red film seems to cover your vision as you go berserk!
You feel yourself moving faster!
You feel mighty!
* * * LOW HITPOINT WARNING * * *
You feel sick. The scorpion stings you.
You die...

> .. .. .. #. ..
##.##.# ##. ∆
..$....#..
.........
......$.#
........### .#
...#..#.Zs## .# #
## ###{@# .# ..
#..###s### .# ...
#....r..##.# ....
#####...°#∆#.....
###.#.s)...###
#.....<......#
#.....)..###..
#...........
#........###..


You could see 2 scorpions, a quokka and an adder skeleton.

Vanquished Creatures
  A hound skeleton (D:3)
  2 adders (D:2)
  An adder skeleton (D:3)
  An orc (D:4)
  A ball python (D:3)
  A bat (D:1)
  2 endoplasms (D:3)
  3 goblins
  A hobgoblin (D:3)
  4 jackals (D:3)
  2 kobolds (D:3)
  3 frilled lizards
  3 rats (D:2)
25 creatures vanquished.

Vanquished Creatures (collateral kills)
  Sigmund (D:2)
  An adder (D:2)
  A worm (D:2)
  2 dart slugs (D:1)
  4 orcs (D:3)
  5 ball pythons
  2 giant cockroaches (D:1)
  2 hobgoblins
  2 kobolds
  4 bats (D:1)
  A frilled lizard (D:1)
  3 goblins
  3 rats (D:1)
31 creatures vanquished.

Vanquished Creatures (others)
  A scorpion (D:4)
  An iguana (D:4)
  An orc (D:4)
3 creatures vanquished.

Grand Total: 59 creatures vanquished

Notes
Turn   | Place    | Note
-------+----------+-------------------------------------------
     0 | D:1      | DrunkBamboolord the Gnoll Summoner began the quest for the
                  | Orb.
     0 | D:1      | Reached XP level 1. HP: 13/13 MP: 6/6
   178 | D:1      | Reached XP level 2. HP: 19/19 MP: 5/7
   290 | D:1      | Learned a level 2 spell: Call Imp
   698 | D:1      | Reached XP level 3. HP: 19/25 MP: 7/9
   714 | D:1      | Found a faded altar of an unknown god.
   833 | D:1      | Reached skill level 5 in Spellcasting
  1183 | D:2      | Reached skill level 1 in Invocations
  1189 | D:2      | Learned a level 3 spell: Call Canine Familiar
  1193 | D:2      | Learned a level 3 spell: Summon Guardian Golem
  1402 | D:2      | Noticed Sigmund
  1417 | D:2      | Killed Sigmund
  1418 | D:2      | Reached skill level 1 in Fighting
  1418 | D:2      | Reached skill level 1 in Short Blades
  1418 | D:2      | Reached skill level 1 in Long Blades
  1418 | D:2      | Reached skill level 1 in Axes
  1418 | D:2      | Reached skill level 1 in Maces & Flails
  1418 | D:2      | Reached skill level 1 in Polearms
  1418 | D:2      | Reached skill level 1 in Staves
  1418 | D:2      | Reached skill level 1 in Slings
  1418 | D:2      | Reached skill level 1 in Bows
  1418 | D:2      | Reached skill level 1 in Crossbows
  1418 | D:2      | Reached skill level 1 in Throwing
  1418 | D:2      | Reached skill level 1 in Armour
  1418 | D:2      | Reached skill level 1 in Shields
  1418 | D:2      | Reached skill level 1 in Unarmed Combat
  1418 | D:2      | Reached skill level 1 in Conjurations
  1418 | D:2      | Reached skill level 1 in Hexes
  1418 | D:2      | Reached skill level 1 in Necromancy
  1418 | D:2      | Reached skill level 1 in Translocations
  1418 | D:2      | Reached skill level 1 in Transmutations
  1418 | D:2      | Reached skill level 1 in Fire Magic
  1418 | D:2      | Reached skill level 1 in Ice Magic
  1418 | D:2      | Reached skill level 1 in Air Magic
  1418 | D:2      | Reached skill level 1 in Earth Magic
  1418 | D:2      | Reached skill level 1 in Poison Magic
  1418 | D:2      | Reached skill level 1 in Evocations
  1418 | D:2      | Reached XP level 4. HP: 31/32 MP: 0/11
  1418 | D:2      | Reached XP level 5. HP: 36/37 MP: 0/12
  1976 | D:2      | Learned a level 4 spell: Summon Lightning Spire
  2215 | D:3      | Reached XP level 6. HP: 44/44 MP: 13/13
  3154 | D:4      | Reached skill level 5 in Dodging
  3173 | D:4      | Slain by a scorpion

Illustrated notes

Levels and vault maps discovered:
D:1:      minmay_arrival_radiant_lines, layout_loops_ring,
          hellmonk_ecumenical_altar_defaced_shrine
D:2:      layout_rooms, minmay_pentomino_x2, uniq_sigmund
D:3:      layout_loops_ring, serial_aquarium, aquarium_bridge_square
          [aquarium_subvault_bridge, aquarium_subvault_wall,
          aquarium_subvault_bridge, aquarium_subvault_bridge],
          aquarium_window_1, aquarium_window_double, aquarium_view_2e,
          aquarium_view_2b, aquarium_balcony_1a, minmay_liquid_box
D:4:      layout_rooms

Skill      XL: |  1  2  3  4  5  6 |
---------------+-------------------+-----
Spellcasting   | 5 |  5.4
Invocations    | 1 2 |  2.2
Fighting       | 1 2 |  2.0
Short Blades   | 1 2 |  2.0
Long Blades    | 1 2 |  2.0
Axes           | 1 2 |  2.0
Maces & Flails | 1 2 |  2.0
Polearms       | 1 2 |  2.0
Staves         | 1 2 |  2.0
Slings         | 1 2 |  2.0
Bows           | 1 2 |  2.0
Crossbows      | 1 2 |  2.0
Throwing       | 1 2 |  2.0
Armour         | 1 2 |  2.0
Shields        | 1 2 |  2.0
Unarmed Combat | 1 2 |  2.0
Conjurations   | 1 |  1.6
Hexes          | 1 |  1.6
Necromancy     | 1 |  1.6
Translocations | 1 |  1.6
Transmutations | 1 |  1.6
Fire Magic     | 1 |  1.6
Ice Magic      | 1 |  1.6
Air Magic      | 1 |  1.6
Earth Magic    | 1 |  1.6
Poison Magic   | 1 |  1.6
Evocations     | 1 2 |  2.0
Dodging        | 5 |  5.0
Stealth        | |  4.6
Summonings     | |  7.3

Action                   |  1- 3 |  4- 6 || total
-------------------------+-------+-------++-------
Melee: Unarmed           |    17 |       ||    17
       Bite              |     1 |    10 ||    11
       Whip              |    14 |    83 ||    97
       Punch             |       |     1 ||     1
 Cast: Summon Small Mamm |    37 |     4 ||    41
       Call Imp          |     5 |     3 ||     8
       Call Canine Famil |     1 |     4 ||     5
       Summon Guardian G |       |     2 ||     2
  Use: Scroll            |       |     8 ||     8
       Potion            |       |     4 ||     4
 Stab: Sleeping          |     1 |     5 ||     6
       Distracted        |       |     1 ||     1
Armor: Robe              |    21 |    30 ||    51
Dodge: Dodged            |    42 |    60 ||   102
